 Dungeon Crawl Stone Soup version 0.13-a0-1804-g486adc7 (webtiles) character file.

6564 4tharraofdagon the Thaumaturge (level 10, -1/69 HPs)
             Began as a Demigod Fire Elementalist on June 24, 2013.
             Slain by an orc knight
             ... wielding a +1,+2 orcish great sword of flaming
              (15 damage)
             ... in a volcano.
             The game lasted 00:46:09 (6119 turns).

4tharraofdagon the Thaumaturge (DgFE)               Turns: 6119, Time: 00:46:09

HP  -1/69        AC 10     Str 14      XL: 10   Next: 33%
MP   1/29        EV 18     Int 26      God:
Gold 430         SH  0     Dex 24      Spells:  5 memorised,  8 levels left

Res.Fire  : + . .   See Invis. : .   v - +3,+4 halberd (protect)
Res.Cold  : x . .   Warding    : +   a - +0 robe
Life Prot.: + . .   Conserve   : .   (no shield)
Res.Poison: .       Res.Corr.  : .   (no helmet)
Res.Elec. : .       Clarity    : .   (no cloak)
Sust.Abil.: . .     Spirit.Shd : .   B - +2 pair of gauntlets {Dex+3}
Res.Mut.  : .       Stasis     : .   (no boots)
Res.Rott. : .       Flight     : .   G - amulet of warding
Saprovore : . . .                    k - cursed +2 ring of intelligence
                                     p - ring of fire

@: agile, very slightly contaminated, somewhat resistant to hostile
enchantments, quite stealthy
A: slow metabolism 1
a: no special abilities


You were in a volcano.
You were not hungry.

You visited 2 branches of the dungeon, and saw 15 of its levels.
You also visited: Volcano.

You collected 410 gold pieces.

Inventory:

Hand weapons
 d - a -1,+1 orcish hammer
 n - a +2,+3 elven whip of reaching
 u - a +4,+1 elven long sword
 v - a +3,+4 halberd of protection (weapon)
Missiles
 o - a throwing net (quivered)
Armour
 a - a +0 robe (worn)
 B - a +2 pair of gauntlets of dexterity (worn)
Magical devices
 s - a wand of cold (0)
 w - a wand of cold (3)
 D - a wand of lightning (5)
Comestibles
 c - 2 bread rations
 f - 6 chunks of yak flesh
 i - 3 meat rations
 A - an apple
 F - a pear
 H - 2 rotting chunks of yak flesh
Jewellery
 j - an uncursed ring of poison resistance
 k - a cursed +2 ring of intelligence (right hand)
 p - a ring of fire (left hand)
 G - an amulet of warding (around neck)
Potions
 e - a potion of curing
 h - 2 potions of brilliance
 l - a potion of berserk rage
 I - a potion of slowing {unknown}
 J - a potion of resistance {unknown}
Books
 b - a book of Flames

   Spells                             Type                      Level
   *Flame Tongue                      Conjuration/Fire             1
   Throw Flame                        Conjuration/Fire             2
   *Conjure Flame                     Conjuration/Fire             3
   Inner Flame                        Hexes/Fire                   3
   *Sticky Flame                      Conjuration/Fire             4
   *Fireball                          Conjuration/Fire             5
 t - Zeycootz's Disquisition on Good Luck
   (You found it on level 7 of the Dungeon)

   Spells                             Type                      Level
   Lethal Infusion                    Charms/Necromancy            2
   Poison Weapon                      Charms/Poison                3
   Ozocubu's Armour                   Charms/Ice                   3
   Excruciating Wounds                Charms/Necromancy            5
 y - a book of Fire

   Spells                             Type                      Level
   Fire Brand                         Charms/Fire                  2
   Ignite Poison                      Fire/Transmutation           5
   *Fireball                          Conjuration/Fire             5
   *Bolt of Fire                      Conjuration/Fire             6
   Delayed Fireball                   Conjuration/Fire             7
   Ring of Flames                     Charms/Fire                  7
   Dragon Form                        Fire/Transmutation           7


   Skills:
 - Level 1.7 Dodging
 - Level 1.7 Stealth
 * Level 9.4 Spellcasting
 + Level 7.2 Conjurations
 + Level 7.7 Fire Magic


You had 8 spell levels left.
You knew the following spells:

 Your Spells              Type           Power        Failure   Level  Hunger
a - Flame Tongue          Conj/Fire      #####        1%          1    None
b - Conjure Flame         Conj/Fire      ######..     1%          3    None
c - Sticky Flame          Conj/Fire      ######..     2%          4    #......
d - Fireball              Conj/Fire      ######....   10%         5    ###....
e - Bolt of Fire          Conj/Fire      ######....   38%         6    ######.


Dungeon Overview and Level Annotations

Branches:
Dungeon (10/27)              Lair (5/8) D:10          Snake (0/5) Lair:3
 Temple: D:4-7          Orc: D:6-11       Swamp: Lair:3-6    Shoals: Lair:3-6
 Spider: Lair:3-6

Annotations
D:3 Fv001's ghost, average DrFi
D:5 Dowan; Duvessa
D:7 Fv001's ghost, experienced DrFi
D:10 Joseph
Lair:3 SNAKE
Lair:4 SHOALS


Innate Abilities, Weirdness & Mutations

You have a slow metabolism.


Message History

The orc knight appears unharmed.
The orc knight is severely wounded.
The orc knight is covered in liquid flames!
The orc knight burns!
The orc knight completely misses you.
Unknown command.
The orc knight burns!
The orc knight burns!
Evoke which item? (* to show all) (? for menu, Esc to quit)
Zapping:
D - a copper wand
Press: ? - help, Shift-Dir - straight line, f/p - orc knight
Aim: an orc knight, wielding an orcish great sword of flaming and wearing an orcish chain mail of fire resistance (almost dead, covered in liquid flames)
You hear a mighty clap of thunder!
The bolt of lightning hits the orc knight.
The orc knight is almost dead.
The bolt of lightning misses the orc knight.
The bolt of lightning misses you.
D - a wand of lightning {zapped: 1} The orc knight burns!
The orc knight hits you with an orcish great sword of flaming!
You die...

#.....≈§≈§≈≈≈≈§≈..
##.....≈§≈≈≈≈≈§...
###.....≈.≈.≈§... ###
##...............
##§≈##.##...###..##...
#≈≈§≈)####### #######.
##§≈≈...# ##.#
#§§≈..o.# #.##
#≈§§≈.@## ###..
#≈≈≈.∩..# #∩.∩.
##§§≈...# #....§
#§§§§...# #....≈
##§≈§≈.## ##..≈≈
#§≈§§.# ##§§§ #§§§.##
##≈≈ ##§≈## ### ###


You could see an orc knight (burning).

Vanquished Creatures
  An elephant slug (Lair:2)
  2 black mambas
  A spiny frog (Lair:5)
  A komodo dragon (Lair:2)
  A basilisk (Lair:3)
  8 yaks
  4 fire drakes
  A sky beast (D:8)
  An ogre (D:8)
  3 orc warriors (Volcano)
  3 crocodiles
  A centaur (Lair:4)
  Sigmund (D:7)
  6 water moccasins
  3 giant frogs
  2 big kobolds (D:9)
  2 giant slugs
  3 agate snails
  An ogre zombie (D:9)
  2 quasits
  3 iguanas
  4 hounds
  2 orc priests
  A worker ant (D:10)
  5 orc wizards
  A scorpion (D:9)
  3 porcupines
  4 sheep (Lair:5)
  Ijyb (D:5)
  6 adders
  17 green rats
  An iguana zombie (D:5)
  A giant mite (Lair:4)
  A worm (D:8)
  A bat zombie (D:6)
  5 giant eyeballs
  A gnoll skeleton (D:4)
  20 orcs
  4 hobgoblins
  8 bats
  2 giant cockroaches
  A giant gecko (D:5)
  2 giant newts
  A hobgoblin skeleton (D:6)
  7 jackals
  A jackal zombie (D:8)
  13 kobolds
  A kobold skeleton (D:5)
  7 quokkas
  5 rats
  A rat zombie (D:6)
177 creatures vanquished.

Vanquished Creatures (others)
  3 orcs (D:9)
3 creatures vanquished.

Grand Total: 180 creatures vanquished

Notes
Turn   | Place    | Note
--------------------------------------------------------------
     0 | D:1      | 4tharraofdagon, the Demigod Fire Elementalist, began the quest for the Orb.
     0 | D:1      | Reached XP level 1. HP: 14/14 MP: 5/5
   155 | D:3      | Noticed Fv001's ghost (average DrFi)
   165 | D:3      | Reached skill level 1 in Conjurations
   165 | D:3      | Reached XP level 2. HP: 15/20 MP: 4/6
   213 | D:4      | Reached skill level 3 in Fire Magic
   269 | D:5      | Entered Level 5 of the Dungeon
   373 | D:5      | Paralysed by a giant eyeball for 3 turns
   413 | D:5      | Paralysed by a giant eyeball for 3 turns
   420 | D:5      | Paralysed by a giant eyeball for 2 turns
   426 | D:5      | Paralysed by a giant eyeball for 4 turns
   438 | D:5      | Reached XP level 3. HP: 26/26 MP: 9/9
   443 | D:5      | Learned a level 3 spell: Conjure Flame
   532 | D:5      | Noticed Ijyb
   533 | D:5      | Noticed Duvessa
   534 | D:5      | Noticed Dowan
   605 | D:5      | Found a burning altar of Makhleb.
   656 | D:5      | Killed Ijyb
   842 | D:6      | Noticed an orc warrior
   924 | D:6      | Reached XP level 4. HP: 19/33 MP: 6/12
  1042 | D:8      | Learned a level 4 spell: Sticky Flame
  1211 | D:8      | Noticed a sky beast
  1323 | D:8      | Noticed a crocodile
  1449 | D:8      | Paralysed by a giant eyeball for 3 turns
  1459 | D:8      | Killed a crocodile
  1459 | D:8      | Reached XP level 5. HP: 38/38 MP: 10/15
  1521 | D:7      | Identified Zeycootz's Disquisition on Good Luck
  1581 | D:8      | Noticed an ogre
  1592 | D:8      | Killed an ogre
  1647 | D:8      | Found a shattered altar of Ashenzari.
  1683 | D:7      | Noticed Sigmund
  1709 | D:7      | Noticed Fv001's ghost (experienced DrFi)
  1902 | D:7      | Killed Sigmund
  1902 | D:7      | Reached XP level 6. HP: 8/45 MP: 12/18
  2015 | D:6      | HP: 1/45 [iguana (14)]
  2045 | D:6      | Reached skill level 4 in Spellcasting
  2169 | D:6      | Found a basalt altar of Yredelemnul.
  2511 | D:8      | Killed a sky beast
  2511 | D:8      | Reached XP level 7. HP: 36/50 MP: 1/21
  2518 | D:8      | Gained mutation: You have a slow metabolism. [mutagenic meat]
  2612 | D:9      | Noticed a big kobold
  2625 | D:9      | Killed a big kobold
  2625 | D:9      | Reached skill level 5 in Spellcasting
  2733 | D:9      | Noticed a big kobold
  2746 | D:9      | Killed a big kobold
  2989 | D:8      | Learned a level 5 spell: Fireball
  3228 | D:9      | Reached skill level 5 in Fire Magic
  3252 | D:9      | Turgon: Hi, still trying Dg? They are so weak.
  3262 | D:10     | Entered Level 10 of the Dungeon
  3263 | D:10     | 4tharraofdagon: i know
  3268 | D:10     | 4tharraofdagon: i recently tried gargoyle with earth path
  3268 | D:10     | 4tharraofdagon: it could work as speedrun if you had makhleb with mp regen
  3268 | D:10     | 4tharraofdagon: as in old times
  3268 | D:10     | Turgon: Well, I don't play trunk
  3268 | D:10     | 4tharraofdagon: dont like the new races?
  3294 | D:10     | Turgon: I prefer playing stable versions
  3329 | D:10     | Noticed Joseph
  3336 | D:10     | Turgon: joseph is overpowered
  3340 | D:10     | Noticed a hill giant
  3497 | D:9      | Noticed a centaur
  3498 | D:9      | Noticed a centaur
  3549 | D:9      | Noticed a centaur
  3584 | D:10     | Found a staircase to the Lair.
  3651 | D:10     | Reached XP level 8. HP: 45/57 MP: 18/23
  3713 | Lair:1   | Entered Level 1 of the Lair of Beasts
  3800 | Lair:1   | Reached skill level 6 in Spellcasting
  3866 | Lair:1   | Learned a level 6 spell: Bolt of Fire
  4043 | Lair:2   | Noticed a black mamba
  4047 | Lair:2   | Killed a black mamba
  4087 | Lair:2   | Noticed a komodo dragon
  4106 | Lair:2   | Killed a komodo dragon
  4106 | Lair:2   | Reached skill level 5 in Conjurations
  4268 | Lair:2   | Noticed an elephant slug
  4285 | Lair:2   | Killed an elephant slug
  4285 | Lair:2   | Reached skill level 7 in Spellcasting
  4285 | Lair:2   | Reached XP level 9. HP: 62/62 MP: 9/26
  4892 | Lair:3   | Found a staircase to the Snake Pit.
  5047 | Lair:4   | Reached skill level 8 in Spellcasting
  5591 | Lair:5   | Noticed a black mamba
  5595 | Lair:5   | Killed a black mamba
  5677 | Lair:5   | Noticed a spiny frog
  5692 | Lair:5   | Killed a spiny frog
  5692 | Lair:5   | Reached XP level 10. HP: 30/69 MP: 17/28
  5843 | Lair:5   | Reached skill level 9 in Spellcasting
  5931 | Lair:5   | Found a dark tunnel.
  5943 | Volcano  | Entered a volcano
  6089 | Volcano  | Noticed an orc knight
  6119 | Volcano  | Slain by an orc knight

Action                   |  1- 3 |  4- 6 |  7- 9 | 10-12 || total
-------------------------+-------+-------+-------+-------++-------
Melee: Unarmed           |    44 |       |       |       ||    44
       Hammer            |     3 |    11 |       |       ||    14
       Halberd           |       |     5 |    93 |    13 ||   111
 Cast: Flame Tongue      |    50 |    44 |   112 |    14 ||   220
       Conjure Flame     |     3 |     6 |    27 |     5 ||    41
       Sticky Flame      |       |    10 |    50 |    14 ||    74
       Fireball          |       |       |     1 |     2 ||     3
Evoke: Wand              |       |       |     4 |     9 ||    13
  Use: Potion            |     1 |     2 |     1 |     3 ||     7
       Scroll            |       |     3 |    16 |       ||    19
